 Dungeon Crawl Stone Soup version 0.26.1-11-gd32895ea62 (webtiles) character file.

Game seed: 4232251243169083131

6179 Sopht the Carver (level 10, 0/94 HPs)
             Began as a Tengu Berserker on July 18, 2021.
             Was a High Priest of Trog.
             Slain by a 12-headed hydra (8 damage)
             ... on level 1 of the Lair of Beasts on July 19, 2021.
             The game lasted 00:49:49 (8060 turns).

Sopht the Carver (Tengu Berserker)                  Turns: 8060, Time: 00:49:51

Health: 0/94       AC: 21    Str: 20    XL:     10   Next: 91%
Magic:  11/11      EV: 14    Int:  7    God:    Trog [*****.]
Gold:   121        SH:  5    Dex: 15    Spells: 9/9 levels left

rFire    . . .     SeeInvis .   a - +0 falchion
rCold    + + .     Faith    .   d - +0 buckler
rNeg     . . .     Spirit   .   G - +5 plate armour of Roqury {rElec rPois rC++ rCorr}
rPois    +         Reflect  .   (helmet restricted)
rElec    +         Harm     .   o - +0 cloak
rCorr    +         Rampage  .   g - +0 pair of gloves
Will     ++...                  (boots unavailable)
Stlth    ..........             (no amulet)
HPRegen  1.25/turn              q - +4 ring of evasion
MPRegen  0.12/turn              m - +4 ring of slaying

@: berserking, flying quickly and evasively, regenerating (expiring), very quick
A: beak, talons 3, camouflage 1, MP-powered wands, able to fly
a: Stop Flying, Renounce Religion, Berserk, Trog's Hand, Brothers in Arms


You were on level 1 of the Lair of Beasts.
You worshipped Trog.
Trog was extremely pleased with you.
You visited 2 branches of the dungeon, and saw 10 of its levels.
You also visited: Ossuary.

You collected 403 gold pieces.
You spent 282 gold pieces at shops.

Inventory:

Hand Weapons
 a - a +0 falchion (weapon)
 E - a +0 long sword
 L - a +1 scimitar of flaming
 R - a +2 vorpal quarterstaff
 U - the +6 shortbow of Ethereal Valour {speed, rN+ Will++ Str+3 Dex-2}
   (You found it on level 9 of the Dungeon)

   Attacks with this weapon are significantly faster.
   It affects your strength (+3).
   It affects your dexterity (-2).
   It protects you from negative energy.
   It affects your willpower, your defense against some magical effects.
Missiles
 j - 2 atropa-tipped darts
 p - 2 silver javelins
 z - 28 poisoned darts
 B - 14 boomerangs (quivered)
Armour
 d - a +0 buckler (worn)
 g - a +0 pair of gloves (worn)
 h - a +0 scale mail
 o - a +0 cloak (worn)
 x - a +0 chain mail
 G - the +5 plate armour of Roqury (worn) {rElec rPois rC++ rCorr}
   (You found it on level 7 of the Dungeon)

   It greatly protects you from cold.
   It insulates you from electricity.
   It protects you from poison.
   It provides partial protection from all sources of acid and corrosion.
Jewellery
 m - a +4 ring of slaying (right hand)
 q - a +4 ring of evasion (left hand)
 s - an uncursed ring of see invisible
 u - an uncursed ring of protection from fire
 y - a +6 ring of intelligence
 H - an uncursed ring of resist corrosion
 T - an uncursed ring of wizardry {unknown}
Wands
 n - a wand of polymorph (29)
 C - a wand of iceblast (7)
 D - a wand of paralysis (24)
 F - a wand of flame (10)
 N - a wand of acid (3)
 Q - a wand of digging (5)
Scrolls
 e - 4 scrolls of remove curse
 K - 2 scrolls of fear {unknown}
 O - a scroll of teleportation
 P - a scroll of magic mapping {unknown}
 S - a scroll of vulnerability {unknown}
Potions
 b - a potion of might
 c - a potion of ambrosia {unknown}
 f - a potion of berserk rage {unknown}
 i - 7 potions of resistance
 k - 2 potions of curing
 l - 2 potions of heal wounds
 r - a potion of haste
 t - 2 potions of mutation
 v - a potion of cancellation {unknown}
 w - a potion of attraction {unknown}
 A - a potion of magic {unknown}
 I - a potion of degeneration {unknown}
 J - a potion of invisibility {unknown}


   Skills:
 + Level 7.1 Fighting
 + Level 11.8 Long Blades
 + Level 2.9 Throwing
 + Level 8.2 Armour
 + Level 5.2 Dodging
 + Level 2.4 Stealth
 + Level 4.0 Shields


You had 9 spell levels left.
You didn't know any spells.
Your spell library was empty.

Dungeon Overview and Level Annotations

Branches:
Dungeon (9/15)             Temple (0/1) D:6            Lair (1/6) D:9
    Orc (0/2) D:9         Ossuary (visited)

Altars:
Trog
Vehumet

Shops:
D:7 *   D:8 }

Annotations:
Lair:1 2 transporters, exclusion: ice statue


Innate Abilities, Weirdness & Mutations

You have a beak for a mouth.
You have claws for feet.
You can fly continuously.
Your skin changes colour to match your surroundings (Stealth+).
You expend magic power (3 MP) to strengthen your wands.


Message History

The 11-headed hydra closely misses you. x2
The bullfrog hits you but does no damage.
You completely miss the 11-headed hydra.
Your kick misses the 11-headed hydra. You peck the 11-headed hydra.
The 11-headed hydra is almost dead.
The yak gores you but does no damage.
You lop one of the 11-headed hydra's heads off!
The ten-headed hydra grows two more!
You slash the 12-headed hydra! You peck the 12-headed hydra.
The 12-headed hydra is almost dead.
The bullfrog closely misses you.
You riposte.
You slash the bullfrog! Your kick misses the bullfrog.
Your peck misses the bullfrog.
The bullfrog is heavily wounded.
The 12-headed hydra bites you but does no damage.
The 12-headed hydra misses you. The 12-headed hydra closely misses you.
The 12-headed hydra bites you but does no damage.
You block the 12-headed hydra's attack. The 12-headed hydra bites you.
* * * LOW HITPOINT WARNING * * *
The 12-headed hydra bites you!
You die...

.≈##.. .# ...... .
.≈8##. ..# .....## .#.
.#.≈## ≈..##...##..≈$.
#....# ≈≈..#...#.#≈.##}
##..#. ≈≈≈....©#©#..#?
?#..#. ≈≈≈≈....#$#≈..#
##..#.
≈≈≈...D.##...$##Y##....#
#.F@.##..#.###.#≈.##
##.Y...##8≈≈$≈...8##.
#.......##...$...##..
#.........##.###.##...
.............##.©.##....
..............#####.....
........................
........................
........................


You could see a 12-headed hydra, a yak and a bullfrog.

Vanquished Creatures
  Erica (D:8)
  A deep elf mage (D:7)
  Eustachio (D:4)
  A wyvern (D:7)
  3 water moccasins
  An orc warrior (D:9)
  3 phantoms
  5 ice beasts
  2 ogres
  2 necrophages
  2 black bears (D:9)
  2 centaurs
  3 elf zombies (Ossuary)
  Blork the orc (D:5)
  8 bullfrogs
  3 scorpions
  4 killer bees (D:8)
  8 wights
  A howler monkey (D:4)
  7 bullfrog zombies
  A quasit (D:7)
  5 centaur zombies
  A human zombie (Ossuary)
  7 orc wizards
  2 bullfrog skeletons (D:5)
  4 hounds
  2 orc priests
  2 iguanas (D:5)
  3 jellies
  3 worker ants
  A hound zombie (D:5)
  2 mummies (Ossuary)
  5 worker ant zombies (D:5)
  A howler monkey skeleton (D:5)
  12 adders
  4 gnolls
  A white imp (D:5)
  2 ufetubi (D:6)
  4 adder skeletons
  An adder zombie (Ossuary)
  3 worms
  2 dart slugs (D:2)
  3 leopard geckos
  36 orcs
  4 bats
  9 giant cockroaches
  9 goblins
  11 hobgoblins
  4 jackals (D:1)
  4 quokkas
  2 frilled lizards
  A goblin zombie (Ossuary)
  9 hobgoblin zombies (Ossuary)
  6 kobolds
  11 kobold zombies (Ossuary)
  2 leopard gecko skeletons (D:5)
  A leopard gecko zombie (D:8)
  7 orc zombies (Ossuary)
  2 quokka skeletons
  2 quokka zombies (D:4)
  7 rats
  A rat zombie (Ossuary)
258 creatures vanquished.

Vanquished Creatures (others)
  4 toadstools (D:1)
4 creatures vanquished.

Grand Total: 262 creatures vanquished

Notes
Turn   | Place    | Note
-------+----------+-------------------------------------------
     0 | D:1      | Sopht the Tengu Berserker began the quest for the Orb.
     0 | D:1      | Reached XP level 1. HP: 14/14 MP: 2/2
   194 | D:1      | Reached XP level 2. HP: 18/19 MP: 3/3
   650 | D:1      | Reached XP level 3. HP: 24/24 MP: 4/4
   855 | D:1      | Reached ** piety under Trog
  1032 | D:1      | Reached skill level 4 in Long Blades
  1169 | D:2      | Reached XP level 4. HP: 29/29 MP: 5/5
  1378 | D:2      | Reached skill level 1 in Shields
  1465 | D:2      | Gained mutation: You can fly continuously. [Tengu growth]
  1465 | D:2      | Reached XP level 5. HP: 33/33 MP: 6/6
  1632 | D:2      | You are sucked into a shaft and drop 1 floor!
  2493 | D:3      | Reached *** piety under Trog
  2879 | D:4      | Noticed Eustachio
  2888 | D:4      | Killed Eustachio
  2889 | D:4      | Reached skill level 5 in Long Blades
  2889 | D:4      | Reached XP level 6. HP: 38/38 MP: 7/7
  3092 | D:4      | Found a sand-covered staircase.
  3100 | Ossuary  | Entered an ossuary
  3323 | Ossuary  | Reached skill level 6 in Long Blades
  3323 | Ossuary  | Reached skill level 1 in Stealth
  3323 | Ossuary  | Reached XP level 7. HP: 43/43 MP: 8/8
  3540 | D:4      | Reached **** piety under Trog
  3637 | D:4      | Reached skill level 7 in Long Blades
  4017 | D:5      | Entered Level 5 of the Dungeon
  4027 | D:5      | Reached XP level 8. HP: 48/48 MP: 9/9
  4083 | D:5      | Reached skill level 5 in Armour
  4123 | D:5      | Reached skill level 8 in Long Blades
  4422 | D:5      | Reached skill level 5 in Fighting
  4639 | D:5      | Reached ***** piety under Trog
  4640 | D:5      | Reached skill level 1 in Throwing
  4640 | D:5      | Reached XP level 9. HP: 54/54 MP: 10/10
  4663 | D:5      | Noticed Blork the orc
  4676 | D:5      | Killed Blork the orc
  4677 | D:5      | Reached skill level 9 in Long Blades
  5081 | D:5      | Gained mutation: You expend magic power (3 MP) to
                  | strengthen your wands. [potion of mutation]
  5081 | D:5      | Gained mutation: Your skin changes colour to match your
                  | surroundings (Stealth+). [potion of mutation]
  5146 | D:6      | Found a staircase to the Ecumenical Temple.
  5921 | D:7      | Found a bloodstained altar of Trog.
  5921 | D:7      | Noticed a deep elf mage
  5927 | D:7      | Noticed an orange demon
  5930 | D:7      | Killed a deep elf mage
  5931 | D:7      | Reached skill level 10 in Long Blades
  5974 | D:7      | Found Tilul's Assorted Antiques.
  6117 | D:7      | Got a twisted plate armour
  6118 | D:7      | Identified the +5 plate armour of Roqury {rElec rPois rC++
                  | rCorr} (You found it on level 7 of the Dungeon)
  6406 | D:7      | Bought a runed gold wand for 96 gold pieces
  6406 | D:7      | Bought a jade ring for 120 gold pieces
  6406 | D:7      | Bought a silvery potion for 21 gold pieces
  6406 | D:7      | Bought a coppery potion for 21 gold pieces
  6406 | D:7      | Bought a scroll labelled QUDWOLORUCK for 24 gold pieces
  6480 | D:8      | Reached XP level 10. HP: 60/60 MP: 11/11
  6574 | D:8      | Found a bloodstained altar of Trog.
  6652 | D:8      | Noticed Erica
  6672 | D:8      | Killed Erica
  6673 | D:8      | Reached skill level 11 in Long Blades
  6673 | D:8      | Reached skill level 5 in Dodging
  6818 | D:8      | Found Camesaop's Gadget Boutique.
  7124 | D:9      | Found a staircase to the Orcish Mines.
  7190 | D:9      | Found a radiant altar of Vehumet.
  7453 | D:9      | Received a gift from Trog
  7583 | D:9      | Found a staircase to the Lair.
  7835 | D:9      | Got a masterwork shortbow
  7868 | D:9      | Identified the +6 shortbow of Ethereal Valour {speed, rN+
                  | Will++ Str+3 Dex-2} (You found it on level 9 of the
                  | Dungeon)
  8007 | Lair:1   | Entered Level 1 of the Lair of Beasts
  8028 | Lair:1   | Found a transporter.
  8031 | Lair:1   | Noticed an elephant
  8033 | Lair:1   | Noticed an ice statue
  8044 | Lair:1   | Found a transporter.
  8048 | Lair:1   | Noticed a seven-headed hydra
  8060 | Lair:1   | Slain by a 12-headed hydra

Illustrated notes

Levels and vault maps discovered:
D:1:      ldierk_walled_garden_2, layout_loops_corners
D:2:      layout_rooms
D:3:      layout_basic
D:4:      layout_gridville, enter_ossuary_4, uniq_eustachio
D:5:      layout_cave_pools, serial_undead, serial_undead_c, serial_undead_a,
          serial_undead_a, serial_undead_a, uniq_blork_the_orc
D:6:      layout_gridville, minmay_temple_entry_arrows
D:7:      layout_loops_cross, serial_shops, shop,
          hangedman_abyss_or_decor_stabs, david_defended_altar_elf
D:8:      minmay_angry_zag, layout_rooms, serial_shops,
          nicolae_shop_temple_entry_statues_fountains, trog_book, uniq_erica
D:9:      layout_irregular_city, fiery_altar_vehumet, lair_entry_dummy,
          orc_0_dummy
Lair:1:   layout_cave_shapes, nzn_ghost_randoct, amcnicky_mini_pool_medium

Skill      XL: |  1  2  3  4  5  6  7  8  9 10 |
---------------+-------------------------------+-----
Long Blades    | 4 5 6 7 8 10 11 | 11.8
Shields        | 1 2 3 4 |  4.0
Armour         | 3 4 6 8 |  8.2
Fighting       | 4 5 6 7 |  7.1
Dodging        | 3 4 5 |  5.2
Stealth        | 1 2 |  2.4
Throwing       | 1 2 |  2.9

Action                   |  1- 3 |  4- 6 |  7- 9 | 10-12 || total
-------------------------+-------+-------+-------+-------++-------
Melee: Falchion          |    72 |   128 |   262 |   159 ||   621
       Peck              |    17 |    35 |    75 |    48 ||   175
       Kick              |    15 |    53 |   117 |    72 ||   257
Throw: Javelin           |       |     1 |     3 |       ||     4
       Dart              |       |       |    15 |       ||    15
       Boomerang         |       |       |     3 |       ||     3
Invok: Berserk           |       |     1 |     5 |     4 ||    10
       Trog's Hand       |       |     1 |     4 |     4 ||     9
 Abil: Fly               |       |     1 |       |       ||     1
  Use: Scroll            |       |    14 |     5 |     2 ||    21
       Potion            |       |       |     3 |     1 ||     4
 Stab: Sleeping          |       |       |     1 |       ||     1
Armor: Chain mail        |     3 |       |       |       ||     3
       Animal skin       |     2 |       |       |       ||     2
       Scale mail        |    22 |    26 |    52 |       ||   100
       Plate armour      |       |       |     6 |    65 ||    71
Dodge: Dodged            |    37 |    63 |   138 |    97 ||   335
Block: Buckler           |     8 |    20 |    41 |    35 ||   104
       Rpst.: Falchion   |    11 |    15 |    38 |    23 ||    87
